Map: Vaani Research Station (Void)

Players

Musumeci

  • Race: Zerg Zerg
  • League: Diamond
  • Spawn Location: 6:00

Unikorn - Winner!

  • Race: Protoss Protoss
  • League: Diamond
  • Spawn Location: 12:00

VOD

Have the link to the VOD?

Description

Time

  • Played on: Jan. 8, 2017, 9:23 a.m.
  • Length: 13:57
Show
View Real Time Build Order
Export as new Build Order

Musumeci Zerg 

Build Orders: Hatch First 

Get SALT Encoding   

  12  0:01  Drone  
  13  0:08  Drone  
  14  0:15  Drone, Extractor  
  15  0:40  Hatchery  
  14  0:46  Drone, Extractor  
  15  1:01  Spawning Pool  
  14  1:08  Drone, Extractor x2  
  13  1:13  Drone  
  16  1:19  Overlord  
  16  1:36  Extractor  
  16  1:37  Overlord  
  16  1:39  Drone  
  16  1:41  Drone  
  16  1:45  Extractor  
  17  1:49  Queen  
  19  1:57  Queen  
  19  1:59  Extractor  
  21  2:02  Drone  
  21  2:07  Drone  
  23  2:09  Drone  
  24  2:16  Drone x2  
  24  2:18  Drone  
  24  2:22  Extractor  
  26  2:24  Drone  
  26  2:26  Drone  
  28  2:38  Zergling x2  
  28  2:40  Drone  
  30  2:47  Drone x2  
  32  2:57  Overlord  
  32  3:00  Drone  
  33  3:10  Zergling x4  
  33  3:11  Drone  
  36  3:17  Drone x5  
  41  3:24  Hatchery  
  39  3:49  Spore Crawler  
  39  3:50  Metabolic Boost  
  39  3:51  Extractor x2  
  39  3:52  Drone x5  
  41  3:56  Extractor  
  41  4:02  Baneling Nest  
  39  4:04  Drone x3  
  39  4:08  Drone  
  43  4:11  Overlord  
  43  4:44  Zergling x16  
  51  4:49  Evolution Chamber, Lair  
  51  4:50  Drone x7  
  57  5:09  Overlord x3  
  57  5:10  Overlord  
  57  5:15  Zerg Melee Weapons Level 1  
  57  5:27  Queen  
  59  5:33  Zergling x16  
  59  5:34  Zergling x4  
  69  5:37  Zergling x4  
  69  5:39  Baneling x10  
  69  5:40  Baneling x6  
  70  5:50  Zergling x2  
  70  5:51  Zergling x10  
  66  6:01  Zergling x2  
  66  6:02  Zergling x10  
  68  6:17  Zergling x6  
  68  6:18  Zergling x2  
  65  6:27  Zergling x4  
  67  6:33  Centrifical Hooks  
  67  6:34  Drone x4  
  71  6:41  Drone  
  71  6:43  Zergling x14  
  79  6:52  Baneling x4  
  79  6:53  Zergling x6  
  81  6:57  Hatchery  
  80  7:01  Infestation Pit  
  74  7:11  Zergling x2  
  74  7:12  Zergling x22  
  77  7:33  Zergling x2  
  77  7:34  Zergling x22  
  84  7:42  Hive  
  84  7:47  Zergling x6  
  84  7:48  Baneling  
  84  7:49  Baneling x6  
  87  7:54  Zerg Melee Weapons Level 2  
  87  7:58  Evolution Chamber  
  87  7:59  Drone x3  
  87  8:02  Extractor, Overlord x3  
  84  8:29  Baneling x2  
  84  8:30  Baneling x3  
  84  8:35  Zergling x2  
  84  8:36  Zergling x28  
  84  8:38  Drone x2  
  84  8:39  Drone  
  84  8:40  Queen, Drone x2  
  101  8:58  Baneling x12  
  101  8:59  Zergling x20  
  110  9:04  Extractor  
  110  9:05  Drone  
  110  9:06  Drone x3  
  114  9:10  Drone x2  
  114  9:16  Queen  
  117  9:26  Zergling x4  
  117  9:27  Overlord x3  
  117  9:30  Adrenal Glands, Zerg Ground Armor Level 1  
  98  10:20  Zergling x2  
  98  10:21  Zergling x20  
  96  10:25  Spire  
  104  10:33  Zergling x22  
  115  10:44  Drone  
  115  10:45  Drone x3  
  119  10:52  Baneling  
  119  10:53  Baneling x5  
  119  10:57  Overlord x4  
  119  10:58  Overlord x2  
  119  10:59  Hatchery  
  113  11:30  Zerg Ground Armor Level 2  
  113  11:47  Mutalisk x3  
  113  11:48  Mutalisk x9  
  137  11:59  Baneling  
  137  12:00  Baneling x7  
  137  12:03  Baneling  
  87  12:31  Zergling x38  
  87  12:32  Zergling x10  
  93  12:39  Zergling x8  
  94  13:04  Zergling x14  
  94  13:05  Zergling x10  
  79  13:24  Baneling x6  
  79  13:25  Baneling x2  
  74  13:29  Zergling x20  
  74  13:30  Zergling x10  
  74  13:33  Baneling x5  
Show
View Real Time Build Order
Export as new Build Order

Unikorn Protoss - Winner!

Build Orders: 1 Gate Expand 

Get SALT Encoding   

  12  0:01  Probe (Chrono Boost)  
  13  0:11  Probe (Chrono Boost)  
  14  0:18  Pylon  
  14  0:22  Probe (Chrono Boost)  
  15  0:37  Gateway, Probe (Chrono Boost)  
  16  0:44  Assimilator  
  16  0:48  Probe (Chrono Boost)  
  17  0:59  Probe (Chrono Boost)  
  18  1:10  Probe (Chrono Boost)  
  19  1:25  Nexus  
  19  1:33  Cybernetics Core  
  19  1:37  Probe (Chrono Boost)  
  22  1:48  Probe (Chrono Boost)  
  22  1:49  Zealot  
  23  2:01  Warp Gate  
  23  2:10  Pylon  
  23  2:28  Adept, Mothership Core (Chrono Boost)  
  27  2:43  Assimilator  
  27  2:46  Probe (Chrono Boost)  
  27  2:48  Probe (Chrono Boost)  
  31  2:58  Probe x2 (Chrono Boost)  
  31  3:05  Twilight Council  
  31  3:10  Probe (Chrono Boost)  
  32  3:17  Probe (Chrono Boost)  
  33  3:22  Gateway, Probe (Chrono Boost)  
  33  3:24  Gateway  
  34  3:27  Gateway  
  34  3:28  Probe (Chrono Boost)  
  34  3:30  Resonating Glaives  
  36  3:34  Probe (Chrono Boost)  
  36  3:39  Probe (Chrono Boost)  
  37  3:47  Probe (Chrono Boost)  
  38  3:51  Probe (Chrono Boost)  
  39  3:59  Probe (Chrono Boost)  
  41  4:03  Probe (Chrono Boost)  
  41  4:05  Robotics Facility  
  41  4:07  Adept  
  44  4:11  Probe (Chrono Boost)  
  44  4:14  Probe (Chrono Boost)  
  45  4:23  Pylon, Probe (Chrono Boost)  
  45  4:24  Probe (Chrono Boost)  
  45  4:26  Pylon  
  46  4:35  Pylon  
  46  4:43  Probe (Chrono Boost)  
  47  4:45  Adept  
  47  4:47  Nexus  
  47  4:48  Adept  
  47  4:52  Adept  
  53  4:54  Adept  
  53  4:58  Pylon  
  55  5:00  Probe (Chrono Boost)  
  55  5:03  Probe (Chrono Boost)  
  55  5:05  Assimilator  
  57  5:10  Assimilator  
  57  5:17  Adept  
  57  5:18  Adept x2  
  57  5:20  Adept  
  65  5:30  Probe (Chrono Boost)  
  65  5:32  Probe (Chrono Boost)  
  67  5:41  Adept x4  
  75  5:46  Gateway  
  55  6:06  Adept x4  
  55  6:09  Immortal  
  55  6:10  Gateway  
  59  6:26  Probe (Chrono Boost)  
  59  6:28  Probe (Chrono Boost)  
  61  6:35  Sentry x2  
  61  6:36  Adept  
  61  6:37  Adept  
  69  6:42  Pylon  
  69  6:45  Pylon  
  69  6:46  Pylon  
  69  6:47  Immortal  
  69  6:50  Adept  
  75  7:02  Sentry x2  
  75  7:04  Adept  
  81  7:11  Adept x2  
  81  7:12  Adept  
  83  7:22  Probe x2 (Chrono Boost)  
  83  7:24  Probe (Chrono Boost)  
  76  7:33  Probe x2 (Chrono Boost)  
  76  7:36  Probe (Chrono Boost)  
  73  7:43  Probe x2 (Chrono Boost)  
  75  7:48  Probe (Chrono Boost)  
  75  7:51  Templar Archives  
  76  7:54  Probe x2 (Chrono Boost)  
  76  7:55  Robotics Bay  
  78  8:00  Probe (Chrono Boost)  
  78  8:04  Probe (Chrono Boost)  
  78  8:05  Probe (Chrono Boost)  
  81  8:09  Pylon  
  81  8:12  Probe (Chrono Boost)  
  82  8:14  Forge  
  82  8:15  Forge, Probe x2 (Chrono Boost)  
  79  8:23  Sentry x2  
  79  8:25  Probe (Chrono Boost)  
  79  8:26  Probe (Chrono Boost)  
  86  8:27  Probe (Chrono Boost)  
  86  8:34  Gateway  
  86  8:35  High Templar  
  86  8:36  High Templar x3, Probe (Chrono Boost)  
  86  8:39  Archon  
  86  8:40  Archon  
  95  8:46  Assimilator  
  95  8:50  Assimilator  
  95  8:53  Colossus  
  95  8:57  Pylon  
  101  9:04  Extended Thermal Lance  
  101  9:07  Adept x2  
  105  9:10  Probe (Chrono Boost)  
  106  9:25  Probe (Chrono Boost)  
  106  9:27  Probe x2 (Chrono Boost)  
  106  9:30  Charge  
  109  9:36  Probe (Chrono Boost)  
  109  9:38  Zealot x4  
  112  9:39  Zealot  
  120  9:52  Gateway  
  116  9:56  Gateway  
  116  9:59  Gateway  
  116  10:02  Adept  
  116  10:03  Adept x3  
  123  10:13  Pylon  
  115  10:22  Probe (Chrono Boost)  
  115  10:24  Probe x2 (Chrono Boost), Colossus  
  124  10:32  Protoss Ground Weapons Level 1, Protoss Ground Armor Level 1  
  124  10:33  Probe (Chrono Boost)  
  124  10:34  High Templar x3  
  132  10:36  Probe (Chrono Boost)  
  132  10:39  Pylon  
  132  10:51  Archon  
  132  10:58  Pylon  
  132  11:00  High Templar  
  134  11:06  Archon  
  134  11:18  Warp Prism  
  136  11:26  Zealot x5  
  136  11:27  Zealot  
  136  11:32  Pylon  
  148  11:35  Pylon  
  148  11:40  Pylon  
  148  11:51  High Templar x4  
  156  11:56  Archon x2  
  156  12:00  Pylon  
  156  12:02  Pylon  
  156  12:18  Stalker x6  
  120  12:32  High Templar x2  
  120  12:33  High Templar x2  
  114  12:37  Archon  
  114  12:38  Archon  
  114  12:51  Zealot x4  
  116  12:52  Zealot x2  
  120  13:12  Stalker x2  
  122  13:13  Stalker x4  
  132  13:27  High Templar x2  
  136  13:34  Archon  
  136  13:38  Stalker x3  
  136  13:39  Stalker  
Tags
 
Add a new tag
Caveats
  • Supply blocks, unpowered buildings, or Contaminate may cause inaccurate times.
  • Supply counts are checked every 10 seconds.